 Dungeon Crawl Stone Soup version 0.19.1-1-g22dce08 (webtiles) character file.

634 Kiel97 the Shield-Bearer (level 7, 0/56 HPs)
             Began as a Formicid Fighter on Jan 16, 2017.
             Slain by Prince Ribbit (12 damage)
             ... on level 7 of the Dungeon.
             The game lasted 00:06:23 (4249 turns).

Kiel97 the Shield-Bearer (Formicid Fighter)         Turns: 4249, Time: 00:06:24

Health: 0/56       AC: 13    Str: 28    XL:     7   Next: 79%
Magic:  7/7        EV:  7    Int:  7    God:
Gold:   248        SH: 11    Dex: 10    Spells: 0 memorised, 6 levels left

rFire  . . .     SeeInvis +     a - +0 trident
rCold  . . .     Gourm    .     q - +0 chain mail
rNeg   + . .     Faith    .     c - +0 shield
rPois  +         Spirit   .     (helmet unavailable)
rElec  .         Reflect  .     (no cloak)
rCorr  .         Harm     .     u - +2 pair of gloves
MR     .....                    (no boots)
Stlth  ..........               (no amulet)
                                y - ring of positive energy
                                p - ring of poison resistance

@: mighty
A: permanent stasis, dig shafts and tunnels, four strong arms, antennae 3
a: Dig, Shaft Self


You were on level 7 of the Dungeon.
You were hungry.

You visited 1 branch of the dungeon, and saw 6 of its levels.

You collected 248 gold pieces.

Inventory:

Hand Weapons
 a - a +0 trident (weapon)
 b - a +0 scythe
Armour
 c - a +0 shield (worn)
 q - a +0 chain mail (worn)
 u - a +2 pair of gloves (worn)
Jewellery
 p - a ring of poison resistance (left hand)
 y - a ring of positive energy (right hand)
Scrolls
 h - 2 scrolls of amnesia
 k - 2 scrolls of enchant armour
 l - 2 scrolls of remove curse
 v - 3 scrolls of immolation
Potions
 j - 2 potions of curing
 n - a potion of degeneration {unknown}
 o - a potion of agility
 r - a potion of lignification {unknown}
 s - a potion of haste {unknown}
 t - a potion of heal wounds {unknown}
 x - a potion of flight
Books
 e - a book of Conjurations

   Spells                             Type                      Level
   a - Magic Dart                     Conjuration                  1
   b - Searing Ray                    Conjuration                  2
   c - Dazzling Spray                 Conjuration/Hexes            3
   d - Fulminant Prism                Conjuration/Hexes            4
   e - Iskenderun's Mystic Blast      Conjuration                  4
   f - Iskenderun's Battlesphere      Conjuration/Charms           5
Comestibles
 f - 3 bread rations
 g - a meat ration
 m - 3 beef jerkies
 w - 2 chunks of flesh
 z - 3 fruits


   Skills:
 + Level 5.0 Fighting
 * Level 5.2 Polearms
 + Level 5.1 Armour
 + Level 5.6 Shields


You had 6 spell levels left.
You didn't know any spells.

Dungeon Overview and Level Annotations

Branches:
Dungeon (5/15)
 Temple: D:4-7

Altars:
Cheibriados
Dithmenos
Fedhas
Hepliaklqana

Annotations:
D:7 Prince Ribbit


Innate Abilities, Weirdness & Mutations

You are under a permanent stasis effect.
You can dig through walls and to a lower floor.
Your four strong arms can wield two-handed weapons with a shield.
You have a pair of large antennae on your head. (SInv)


Message History

Prince Ribbit hits you!
You miss Prince Ribbit.
Prince Ribbit is lightly wounded.
You block Prince Ribbit's attack.
You hit Prince Ribbit.
Prince Ribbit is lightly wounded.
You barely miss Prince Ribbit.
Prince Ribbit is lightly wounded.
You block Prince Ribbit's attack. Prince Ribbit hits you!
* * * LOW HITPOINT WARNING * * *
You feel very mighty all of a sudden. Prince Ribbit hits you.
* * * LOW HITPOINT WARNING * * *
You miss Prince Ribbit.
Prince Ribbit is lightly wounded.
You block Prince Ribbit's attack.
Prince Ribbit blinks!
You miss Prince Ribbit.
Prince Ribbit is lightly wounded.
Prince Ribbit hits you!
You die...

##oF####....#
##.....##+#{##
##..........o+
##.#..........#
##.##..........#
#.##########...#
##{## #...#
####{# .....
#@#{## .......
##F## ........
### ./##.....
... ######


You could see Prince Ribbit.

Vanquished Creatures
  Sigmund (D:3)
  Eustachio (D:4)
  A scorpion (D:4)
  A hound (D:4)
  Terence (D:3)
  An orc wizard (D:7)
  A worker ant (D:4)
  Robin (D:3)
  5 adders
  An ooze (D:1)
  3 worms
  2 dart slugs
  2 leopard geckos
  13 orcs
  A ball python (D:3)
  7 giant cockroaches
  9 goblins
  9 hobgoblins
  9 jackals
  2 quokkas (D:4)
  9 bats
  3 frilled lizards
  7 kobolds
  8 rats
98 creatures vanquished.

Vanquished Creatures (others)
  A goblin (D:4)
1 creature vanquished.

Grand Total: 99 creatures vanquished

Notes
Turn   | Place    | Note
-------+----------+-------------------------------------------
     0 | D:1      | Kiel97 the Formicid Fighter began the quest for the Orb.
     0 | D:1      | Reached XP level 1. HP: 18/18 MP: 1/1
   231 | D:1      | Reached XP level 2. HP: 24/24 MP: 2/2
   438 | D:1      | Reached XP level 3. HP: 30/30 MP: 3/3
   719 | D:2      | Found a shadowy altar of Dithmenos.
  1050 | D:2      | Found a hazy altar of Hepliaklqana.
  1130 | D:2      | Found a snail-covered altar of Cheibriados.
  1147 | D:2      | Reached XP level 4. HP: 31/37 MP: 4/4
  2198 | D:3      | Noticed Terence
  2249 | D:3      | Killed Terence
  2249 | D:3      | Reached XP level 5. HP: 22/42 MP: 5/5
  2753 | D:3      | Noticed Sigmund
  2764 | D:3      | Killed Sigmund
  2764 | D:3      | Reached skill level 5 in Shields
  2764 | D:3      | Reached XP level 6. HP: 41/49 MP: 6/6
  3091 | D:4      | Noticed Robin
  3112 | D:3      | Killed Robin
  3217 | D:4      | Reached XP level 7. HP: 52/55 MP: 7/7
  3232 | D:4      | Noticed Eustachio
  3739 | D:4      | Killed Eustachio
  3739 | D:4      | Reached skill level 5 in Armour
  3912 | D:4      | Reached skill level 5 in Polearms
  4026 | D:4      | Reached skill level 5 in Fighting
  4184 | D:5      | Entered Level 5 of the Dungeon
  4193 | D:5      | You fall through a shaft for 2 floors!
  4202 | D:7      | Noticed Prince Ribbit
  4207 | D:7      | Found a blossoming altar of Fedhas.
  4249 | D:7      | Slain by Prince Ribbit

Skill      XL: |  1  2  3  4  5  6  7 |
---------------+----------------------+-----
Shields        | 4 5 |  5.6
Polearms       | 3 4 5 |  5.2
Fighting       | 4 5 |  5.0
Armour         | 4 5 |  5.1

Action                   |  1- 3 |  4- 6 |  7- 9 || total
-------------------------+-------+-------+-------++-------
Melee: Trident           |    79 |   215 |   159 ||   453
       Scythe            |       |    22 |       ||    22
 Abil: Dig               |     9 |     6 |     8 ||    23
  Use: Scroll            |       |     9 |     2 ||    11
       Potion            |       |     2 |     1 ||     3
  Eat: Chunk             |     1 |     8 |     4 ||    13
Armor: Scale mail        |    28 |    92 |    13 ||   133
       Chain mail        |       |       |    64 ||    64
Dodge: Dodged            |    23 |    78 |    33 ||   134
Block: Shield            |    25 |   144 |    76 ||   245
